| TOP OF THE 1ST |
|
Oakland Athletics batting - Pitching for Milwaukee Brewers : RHP Fergie Jenkins
|
|
Pitching: RHP Fergie Jenkins
|
|
|
Batting: RHB Scott Fletcher
|
0-0: Ball 1-0: Ground out 5-3 (Groundball, 5, EV 102.5 MPH)
|
|
Batting: LHB Ruppert Jones
|
0-0: Ball 1-0: DOUBLE (Line Drive, 89XD, EV 106.3 MPH)
|
|
Batting: RHB Dave Henderson
|
0-0: Ball Ruppert Jones steals 3rd base 1-0: Fly out, F9 (Flyball, 9D, EV 95.0 MPH) Runner from 3rd tags up, SCORES, no throw by RF
|
|
Batting: LHB Reggie Jackson
|
0-0: Ground out U3 (Groundball, 34, EV 104.4 MPH)
|
| Top of the 1st over - 1 run, 1 hit, 0 errors, 0 left on base; Oakland 1 - Milwaukee 0 |
| BOTTOM OF THE 1ST |
|
Milwaukee Brewers batting - Pitching for Oakland Athletics : RHP Danny Darwin
|
|
Pitching: RHP Danny Darwin
|
|
|
Batting: RHB Steve Sax
|
0-0: Ground out 6-3 (Groundball, 6, EV 79.4 MPH)
|
|
Batting: LHB Von Hayes
|
0-0: Ball 1-0: Ball 2-0: Foul Ball, location: 2F 2-1: Fly out, F8 (Flyball, 78XD, EV 93.1 MPH)
|
|
Batting: RHB Eric Davis
|
0-0: Called Strike 0-1: Called Strike 0-2: Foul Ball, location: 2F 0-2: Ball 1-2: Foul Ball, location: 2F 1-2: Strikes out swinging
|
| Bottom of the 1st over - 0 runs, 0 hits, 0 errors, 0 left on base; Oakland 1 - Milwaukee 0 |
| TOP OF THE 2ND |
|
Oakland Athletics batting - Pitching for Milwaukee Brewers : RHP Fergie Jenkins
|
|
Batting: RHB George Hendrick
|
0-0: Fly out, F9 (Line Drive, 9, EV 95.6 MPH)
|
|
Batting: RHB Earl C Williams
|
0-0: Foul Ball, location: 2F 0-1: Ball 1-1: Swinging Strike 1-2: Foul Ball, location: 2F 1-2: Strikes out swinging, 2-3 out at first.
|
|
Batting: LHB Ben Oglivie
|
0-0: Ball 1-0: Called Strike 1-1: Ground out U3 (Groundball, 34S, EV 82.5 MPH)
|
| Top of the 2nd over - 0 runs, 0 hits, 0 errors, 0 left on base; Oakland 1 - Milwaukee 0 |
| BOTTOM OF THE 2ND |
|
Milwaukee Brewers batting - Pitching for Oakland Athletics : RHP Danny Darwin
|
|
Batting: SHB Eddie Murray
|
0-0: Called Strike 0-1: Swinging Strike 0-2: Ball 1-2: Fly out, F7 (Flyball, 7LM, EV 96.3 MPH)
|
|
Batting: LHB Al Oliver
|
0-0: Foul Ball, location: 2F 0-1: Ball 1-1: Ground out 6-3 (Groundball, 4M, EV 108.8 MPH)
|
|
Batting: RHB Thurman Munson
|
0-0: Ball 1-0: Called Strike 1-1: SINGLE (Line Drive, 89S, EV 105.6 MPH)
|
|
Batting: RHB Mike Schmidt
|
0-0: Ball 1-0: SINGLE (Line Drive, 89S, EV 96.9 MPH) Thurman Munson to second Runner from 2nd tries for 3rd, SAFE, throw by RF made to third
|
|
Batting: RHB Ken Landreaux
|
0-0: Called Strike 0-1: Ball 1-1: Foul Ball, location: 2F 1-2: Fly out, F7 (Flyball, 78S, EV 91.9 MPH)
|
| Bottom of the 2nd over - 0 runs, 2 hits, 0 errors, 2 left on base; Oakland 1 - Milwaukee 0 |
| TOP OF THE 3RD |
|
Oakland Athletics batting - Pitching for Milwaukee Brewers : RHP Fergie Jenkins
|
|
Batting: RHB Barry Evans
|
0-0: Fly out, F7 (Flyball, 7S, EV 81.9 MPH)
|
|
Batting: SHB Rodney Scott
|
0-0: Foul Ball, location: 2F 0-1: Ground out U3 (Groundball, 34, EV 86.3 MPH)
|
|
Batting: RHB Scott Fletcher
|
0-0: Called Strike 0-1: Ground out U3 (Groundball, 34S, EV 60.6 MPH)
|
| Top of the 3rd over - 0 runs, 0 hits, 0 errors, 0 left on base; Oakland 1 - Milwaukee 0 |
| BOTTOM OF THE 3RD |
|
Milwaukee Brewers batting - Pitching for Oakland Athletics : RHP Danny Darwin
|
|
Batting: SHB Alfredo Griffin
|
0-0: DOUBLE (Flyball, 78D, EV 95.6 MPH)
|
|
Batting: RHB Steve Sax
|
0-0: Ball 1-0: SINGLE (Line Drive, 56, EV 95.0 MPH) Alfredo Griffin to third Runner from 3rd tries for Home, SAFE, throw by LF to home
|
|
Now in CF: Edgar Flores
|
|
|
Batting: LHB Von Hayes
|
0-0: Ball 1-0: Called Strike Steve Sax steals 2nd base 1-1: Ball 2-1: Swinging Strike 2-2: Ball 3-2: Base on Balls
|
|
Batting: RHB Eric Davis
|
0-0: Called Strike 0-1: 3-RUN HOME RUN (Flyball, 89XD, EV 97.5 MPH), Distance : 447 ft
|
|
Batting: SHB Eddie Murray
|
0-0: Ball 1-0: Ball 2-0: Called Strike 2-1: Ball 3-1: Base on Balls
|
|
Batting: LHB Al Oliver
|
0-0: Fielders Choice at 2nd, 5-4 (Groundball, 56, EV 83.1 MPH)
|
|
Batting: RHB Thurman Munson
|
0-0: Foul Ball, location: 2F 0-1: Swinging Strike 0-2: Ball 1-2: Fly out, F4 (Popup, 13, EV 80.6 MPH)
|
|
Batting: RHB Mike Schmidt
|
0-0: Called Strike Al Oliver steals 2nd base 0-1: Called Strike 0-2: Ball 1-2: Ball 2-2: Fly out, F9 (Line Drive, 9, EV 94.4 MPH)
|
| Bottom of the 3rd over - 4 runs, 3 hits, 0 errors, 1 left on base; Oakland 1 - Milwaukee 4 |
| TOP OF THE 4TH |
|
Oakland Athletics batting - Pitching for Milwaukee Brewers : RHP Fergie Jenkins
|
|
Batting: LHB Ruppert Jones
|
0-0: Ball 1-0: Called Strike 1-1: Called Strike 1-2: Ground out 6-3 (Groundball, 6, EV 88.1 MPH)
|
|
Batting: RHB Dave Henderson
|
0-0: Called Strike 0-1: Foul Ball, location: 2F 0-2: Strikes out swinging
|
|
Batting: LHB Reggie Jackson
|
0-0: Foul Ball, location: 2F 0-1: Swinging Strike 0-2: Fly out, F9 (Flyball, 9D, EV 88.8 MPH)
|
| Top of the 4th over - 0 runs, 0 hits, 0 errors, 0 left on base; Oakland 1 - Milwaukee 4 |
| BOTTOM OF THE 4TH |
|
Milwaukee Brewers batting - Pitching for Oakland Athletics : RHP Danny Darwin
|
|
Batting: RHB Ken Landreaux
|
0-0: Ball 1-0: Swinging Strike 1-1: Foul Ball, location: 2F 1-2: Foul Ball, location: 2F 1-2: Ground out 6-3 (Groundball, 6D, EV 76.9 MPH)
|
|
Batting: SHB Alfredo Griffin
|
0-0: Fly out, F7 (Flyball, 7LM, EV 91.3 MPH)
|
|
Batting: RHB Steve Sax
|
0-0: Ball 1-0: Called Strike 1-1: Ball 2-1: Fly out, F9 (Flyball, 9LM, EV 90.6 MPH)
|
| Bottom of the 4th over - 0 runs, 0 hits, 0 errors, 0 left on base; Oakland 1 - Milwaukee 4 |
| TOP OF THE 5TH |
|
Oakland Athletics batting - Pitching for Milwaukee Brewers : RHP Fergie Jenkins
|
|
Pitching: RHP Kenneth Shea
|
|
|
Batting: RHB Edgar Flores
|
0-0: Ball 1-0: Ball 2-0: Foul Ball, location: 2F 2-1: Called Strike 2-2: Ball 3-2: Foul Ball, location: 2F 3-2: Base on Balls
|
|
Batting: RHB Earl C Williams
|
0-0: Ball Wild Pitch! Edgar Flores to second 1-0: Foul Ball, location: 2F 1-1: Ball 2-1: Ball 3-1: Foul Ball, location: 2F 3-2: Strikes out looking
|
|
Batting: LHB Ben Oglivie
|
0-0: Called Strike 0-1: Ball 1-1: Foul Ball, location: 2F 1-2: Ball 2-2: Strikes out swinging
|
|
Batting: RHB Barry Evans
|
0-0: Called Strike 0-1: Ball 1-1: Ball 2-1: Swinging Strike 2-2: Ground out 5-3 (Groundball, 5, EV 101.3 MPH)
|
| Top of the 5th over - 0 runs, 0 hits, 0 errors, 1 left on base; Oakland 1 - Milwaukee 4 |
| BOTTOM OF THE 5TH |
|
Milwaukee Brewers batting - Pitching for Oakland Athletics : RHP Danny Darwin
|
|
Pitching: RHP Wesley Williams
|
|
|
Batting: LHB Von Hayes
|
0-0: Called Strike 0-1: Called Strike 0-2: Ball 1-2: Ground out U3 (Groundball, 3, EV 100.0 MPH)
|
|
Batting: RHB Eric Davis
|
0-0: Ball 1-0: Foul Ball, location: 2F 1-1: Called Strike 1-2: Foul Ball, location: 2F 1-2: SINGLE (Groundball, 56S, EV 75.6 MPH) (infield hit)
|
|
Batting: SHB Eddie Murray
|
0-0: Ball 1-0: Ball 2-0: Called Strike 2-1: Ball 3-1: DOUBLE (Flyball, 8RXD, EV 105.0 MPH) Eric Davis to third Runner from 3rd tries for Home, SAFE, no throw by CF
|
|
Batting: LHB Al Oliver
|
0-0: SINGLE (Groundball, 34, EV 88.8 MPH) (infield hit) Eddie Murray to third
|
|
Batting: RHB Thurman Munson
|
0-0: Foul Ball, location: 2F 0-1: Ball 1-1: Fielders Choice at 2nd, 4-6 (Groundball, 4, EV 88.1 MPH) Eddie Murray scores
|
|
Batting: RHB Mike Schmidt
|
0-0: Called Strike 0-1: Ball 1-1: SINGLE (Groundball, 34D, EV 96.9 MPH) Thurman Munson to second Runner from 2nd tries for 3rd, SAFE, no throw by RF
|
|
Batting: RHB Ken Landreaux
|
0-0: Called Strike 0-1: SINGLE (Groundball, 25, EV 66.3 MPH) (infield hit) Thurman Munson scores Mike Schmidt to second
|
|
Batting: SHB Alfredo Griffin
|
0-0: Ball 1-0: Foul Ball, location: 2F 1-1: Swinging Strike 1-2: Strikes out looking
|
| Bottom of the 5th over - 3 runs, 5 hits, 0 errors, 2 left on base; Oakland 1 - Milwaukee 7 |
| TOP OF THE 6TH |
|
Oakland Athletics batting - Pitching for Milwaukee Brewers : RHP Kenneth Shea
|
|
Batting: SHB Rodney Scott
|
0-0: Called Strike 0-1: Fly out, F1 (Line Drive, P, EV 66.3 MPH)
|
|
Batting: RHB Scott Fletcher
|
0-0: Ball 1-0: Foul Ball, location: 2F 1-1: Swinging Strike 1-2: Ball 2-2: Ball 3-2: Base on Balls
|
|
Batting: LHB Ruppert Jones
|
0-0: Ball 1-0: Foul Ball, location: 2F 1-1: Ball 2-1: Ball Scott Fletcher steals 2nd base 3-1: Fly out, F8 (Flyball, 8RM, EV 94.4 MPH)
|
|
Batting: RHB Dave Henderson
|
0-0: Hit by Pitch
|
|
Batting: LHB Reggie Jackson
|
0-0: Ground out 4-3 (Groundball, 4, EV 88.1 MPH)
|
| Top of the 6th over - 0 runs, 0 hits, 0 errors, 2 left on base; Oakland 1 - Milwaukee 7 |
| BOTTOM OF THE 6TH |
|
Milwaukee Brewers batting - Pitching for Oakland Athletics : RHP Wesley Williams
|
|
Pinch Hitting: RHB Brian J Giles
|
0-0: Ball 1-0: Called Strike 1-1: SINGLE (Line Drive, 8RS, EV 105.0 MPH)
|
|
Pinch Hitting: RHB Ricky Jacquez
|
0-0: Swinging Strike 0-1: Swinging Strike 0-2: Grounds into double play, 4-6-3 (Groundball, 4, EV 80.6 MPH)
|
|
Pinch Hitting: RHB Skeeter Barnes
|
0-0: Called Strike 0-1: Ground out 4-3 (Groundball, 4, EV 100.0 MPH)
|
| Bottom of the 6th over - 0 runs, 1 hit, 0 errors, 0 left on base; Oakland 1 - Milwaukee 7 |
| TOP OF THE 7TH |
|
Oakland Athletics batting - Pitching for Milwaukee Brewers : RHP Kenneth Shea
|
|
Now at 2B: Brian J Giles
|
|
|
Now in LF: Skeeter Barnes
|
|
|
Now in CF: Ricky Jacquez
|
|
|
Batting: RHB Edgar Flores
|
0-0: Fly out, F2 (Popup, 23F, EV 80.6 MPH)
|
|
Batting: RHB Earl C Williams
|
0-0: Ground out 6-3 (Groundball, 56, EV 93.1 MPH)
|
|
Batting: LHB Ben Oglivie
|
0-0: Called Strike 0-1: Ground out 5-3 (Groundball, 56, EV 104.4 MPH)
|
| Top of the 7th over - 0 runs, 0 hits, 0 errors, 0 left on base; Oakland 1 - Milwaukee 7 |
| BOTTOM OF THE 7TH |
|
Milwaukee Brewers batting - Pitching for Oakland Athletics : RHP Wesley Williams
|
|
Pinch Hitting: RHB Martinho Varandas
|
0-0: Swinging Strike 0-1: Ball 1-1: Foul Ball, location: 2F 1-2: Ground out 4-3 (Groundball, 4S, EV 72.5 MPH)
|
|
Batting: RHB Glenn Davis
|
0-0: Called Strike 0-1: Fly out, F7 (Flyball, 7LS, EV 92.5 MPH)
|
|
Batting: RHB Thurman Munson
|
0-0: Called Strike 0-1: Swinging Strike 0-2: Fly out, F8 (Flyball, 89D, EV 81.3 MPH)
|
| Bottom of the 7th over - 0 runs, 0 hits, 0 errors, 0 left on base; Oakland 1 - Milwaukee 7 |
| TOP OF THE 8TH |
|
Oakland Athletics batting - Pitching for Milwaukee Brewers : RHP Kenneth Shea
|
|
Now at 1B: Martinho Varandas
|
|
|
Batting: RHB Barry Evans
|
0-0: Foul Ball, location: 2F 0-1: Fly out, F9 (Flyball, 9D, EV 86.9 MPH)
|
|
Batting: SHB Rodney Scott
|
0-0: Ground out 4-3 (Groundball, 4, EV 88.1 MPH)
|
|
Pinch Hitting: RHB Fred Andrews
|
0-0: Ball 1-0: Ground out 6-3 (Groundball, 6, EV 102.5 MPH)
|
| Top of the 8th over - 0 runs, 0 hits, 0 errors, 0 left on base; Oakland 1 - Milwaukee 7 |
| BOTTOM OF THE 8TH |
|
Milwaukee Brewers batting - Pitching for Oakland Athletics : RHP Wesley Williams
|
|
Now at 2B: Fred Andrews
|
|
|
Pinch Hitting: RHB Pat Tabler
|
0-0: Ground out 4-3 (Groundball, 4, EV 93.1 MPH)
|
|
Pinch Hitting: LHB Harold Baines
|
0-0: Ball 1-0: Ball 2-0: Swinging Strike 2-1: Foul Ball, location: 2F 2-2: Fly out, F7 (Flyball, 78D, EV 91.9 MPH)
|
|
Pinch Hitting: SHB Wally Backman
|
0-0: Called Strike 0-1: Ball 1-1: Ball 2-1: Foul Ball, location: 2F 2-2: Ball 3-2: Strikes out looking
|
| Bottom of the 8th over - 0 runs, 0 hits, 0 errors, 0 left on base; Oakland 1 - Milwaukee 7 |
| TOP OF THE 9TH |
|
Oakland Athletics batting - Pitching for Milwaukee Brewers : RHP Kenneth Shea
|
|
Now at 3B: Pat Tabler
|
|
|
Now at SS: Wally Backman
|
|
|
Now in RF: Harold Baines
|
|
|
Pinch Hitting: RHB Willie Darkis
|
0-0: Called Strike 0-1: Ball 1-1: Ball 2-1: Foul Ball, location: 2F 2-2: Strikes out looking
|
|
Pinch Hitting: RHB John Scott
|
0-0: Called Strike 0-1: Fly out, F2 (Popup, 2LF, EV 88.8 MPH)
|
|
Batting: LHB Gary Jones
|
0-0: Foul Ball, location: 2F 0-1: Called Strike 0-2: Strikes out looking
|
| Top of the 9th over - 0 runs, 0 hits, 0 errors, 0 left on base; Oakland 1 - Milwaukee 7 |
|